 Dungeon Crawl Stone Soup version 0.18-a0-1481-g708b138 (webtiles) character file.

41 mrath the Magician (level 3, -6/31 HPs)
             Began as a Troll Wizard on Mar 3, 2016.
             Mangled by Crazy Yiuf
             ... wielding a +3 quarterstaff of chaos
              (15 damage)
             ... on level 2 of the Dungeon.
             The game lasted 00:09:49 (1299 turns).

mrath the Magician (Troll Wizard)                   Turns: 1299, Time: 00:09:49

Health: -6/31      AC:  5    Str: 15    XL:     3   Next: 32%
Magic:  0/5        EV:  9    Int: 15    God:
Gold:   100        SH:  0    Dex:  8    Spells: 1 memorised, 6 levels left

rFire  . . .     SeeInvis .     (no weapon)
rCold  . . .     Gourm    +     a - +0 robe
rNeg   . . .     Faith    .     (no shield)
rPois  .         Spirit   .     b - +0 hat
rElec  .         Dismiss  .     (no cloak)
rCorr  .         Reflect  .     (gloves unavailable)
SustAt .         Harm     .     (boots unavailable)
MR     .....                    (no amulet)
Stlth  +.........               (no ring)
                                (no ring)

@: lethally poisoned (-6 -> -8), not resistant to hostile enchantments, very
unstealthy
A: unfitting armour, claws 3, fast metabolism 3, gourmand, regeneration 2,
shaggy fur 1, tough skin 2
a: no special abilities


You were on level 2 of the Dungeon.
You were very full.

You visited 1 branch of the dungeon, and saw 2 of its levels.

You collected 100 gold pieces.

Inventory:

Hand Weapons
 e - a +0 whip
 h - a +0 hunting sling
 r - a cursed -1 flail
 w - a +0 vampiric short sword
Missiles
 i - 85 stones (quivered)
 u - 18 poisoned needles
Armour
 a - a +0 robe (worn)
 b - a +0 hat (worn)
Jewellery
 g - an uncursed ring of stealth {unknown}
 p - a +5 ring of strength {unknown}
 y - an uncursed ring of protection from magic {unknown}
Wands
 o - a wand of lightning (6/15)
Scrolls
 f - 2 scrolls of remove curse {unknown}
 k - 2 scrolls of recharging {unknown}
 n - 2 scrolls of magic mapping {unknown}
 q - a scroll of noise {unknown}
 t - a scroll of teleportation {unknown}
Potions
 m - a potion of lignification {unknown}
 s - a potion of agility {unknown}
 v - a potion of berserk rage {unknown}
Books
 c - a book of Minor Magic

   Spells                             Type                      Level
   a - Magic Dart                     Conjuration                  1
   b - Blink                          Translocation                2
   c - Call Imp                       Summoning                    2
   d - Repel Missiles                 Charms/Air                   2
   e - Slow                           Hexes                        2
   f - Conjure Flame                  Conjuration/Fire             3
   g - Mephitic Cloud                 Conjuration/Poison/Air       3
Comestibles
 d - 5 bread rations
 j - a beef jerky
 l - a meat ration
 x - 2 chunks of flesh


   Skills:
 - Level 1.5 Dodging
 - Level 1.1 Stealth
 * Level 2.6 Spellcasting
 + Level 1.3 Conjurations
   Level 0.6 Summonings
   Level 0.6 Translocations


You had 6 spell levels left.
You knew the following spells:

 Your Spells              Type           Power        Failure   Level  Hunger
a - Magic Dart            Conj           #...         14%         1    #......


Dungeon Overview and Level Annotations

Branches:
Dungeon (2/15)

Altars:
Makhleb
Ru
Xom
Yredelemnul

Annotations:
D:2 Crazy Yiuf


Innate Abilities, Weirdness & Mutations

You are too large for most types of armour.
You have claws for hands.
Your metabolism is lightning-fast.
You like to eat raw meat.
You heal very quickly.
You are covered in fur (AC +1).
You have very tough skin (AC +2).


Message History

Crazy Yiuf is moderately wounded.
Crazy Yiuf barely misses you.
You barely miss Crazy Yiuf.
Crazy Yiuf is moderately wounded.
Crazy Yiuf hits you with a quarterstaff of chaos!
You scratch Crazy Yiuf.
Crazy Yiuf is heavily wounded.
Crazy Yiuf hits you with a quarterstaff of chaos.
You are poisoned.
You scratch Crazy Yiuf but do no damage.
Crazy Yiuf is heavily wounded.
You feel sick.
Crazy Yiuf hits you with a quarterstaff of chaos!
Crazy Yiuf burns you.
* * * LOW HITPOINT WARNING * * *
You scratch Crazy Yiuf.
Crazy Yiuf is severely wounded.
You feel sick.
Crazy Yiuf hits you with a quarterstaff of chaos!
You die...

##.## #......
#...##
#......
#....#
#......
#....#
######'
#P.P##
######### #.
##.P.#
#.......# #.
##.##
#.......###.
##.#
#...........
#@##
#....)..####
#g#
#.......####
.##
##.......'...
#.
#........####
.. #........#
#..
#....#'###
#).
#.......#####
###
#............
#.......#####


You could see Crazy Yiuf.

Vanquished Creatures
  2 worms (D:2)
  2 dart slugs
  A giant gecko (D:2)
  6 giant cockroaches
  2 goblins (D:1)
  3 hobgoblins
  A quokka (D:2)
  A ball python (D:1)
  3 bats (D:1)
  6 kobolds
  3 rats (D:1)
  2 fungi (D:2)
  A plant (D:1)
33 creatures vanquished.

Notes
Turn   | Place    | Note
--------------------------------------------------------------
     0 | D:1      | mrath the Troll Wizard began the quest for the Orb.
     0 | D:1      | Reached XP level 1. HP: 16/16 MP: 2/2
   193 | D:1      | Reached skill level 1 in Conjurations
   230 | D:1      | Reached XP level 2. HP: 24/24 MP: 4/4
   851 | D:2      | Found a basalt altar of Yredelemnul.
   856 | D:2      | Found a burning altar of Makhleb.
   911 | D:2      | Reached XP level 3. HP: 29/31 MP: 5/5
  1043 | D:2      | Found a shimmering altar of Xom.
  1046 | D:2      | Found a sacrificial altar of Ru.
  1289 | D:2      | Noticed Crazy Yiuf
  1299 | D:2      | Mangled by Crazy Yiuf

Vault maps used:
D:1:      minmay_arrival_jagged, serial_bayou_pond_c
D:2:      grunt_temple_overflow_cloverleaf, first_bread, uniq_crazy_yiuf_cottage

Skill      XL: |  1 |
---------------+----+-----
Conjurations   | 1 |  1.3
Dodging        | |  1.5
Stealth        | |  1.1
Spellcasting   | |  2.6
Summonings     | |  0.6
Translocations | |  0.6

Action                   || total
-------------------------++-------
Melee: Unarmed           ||   225
Throw: Stone             ||     1
 Cast: Magic Dart        ||    10
  Eat: Chunk             ||    17
